 Dungeon Crawl Stone Soup version 0.29.0-11-gd7f09526c8 (webtiles) character file.

Game seed: 4251704168333097095

6365 sasquatch the Arsonist (level 10, -12/60 HPs)
             Began as a Deep Elf Fire Elementalist on Sept 3, 2022.
             Was a Follower of Vehumet.
             Mangled by Joseph
             ... wielding a +0 quarterstaff
              (21 damage)
             ... on level 10 of the Dungeon.
             The game lasted 00:25:56 (10966 turns).

sasquatch the Arsonist (DEFE)                      Turns: 10966, Time: 00:25:56

Health: -12/60     AC:  3    Str:  5    XL:     10   Next: 65%
Magic:  7/24       EV: 14    Int: 31    God:    Vehumet [*.....]
Gold:   377        SH:  0    Dex: 15    Spells: 15/25 levels left

rFire   + . .      SeeInvis .   M - staff of fire
rCold   . . .      Faith    .   (no shield)
rNeg    . . .      Spirit   .   a - +0 robe
rPois   .          Reflect  .   (no helmet)
rElec   .          Harm     .   (no cloak)
rCorr   .          Rampage  .   (no gloves)
Will    ++...                   w - +0 pair of boots
Stlth   ++........              (no amulet)
HPRegen 0.20/turn               z - ring of willpower
MPRegen 0.19/turn               n - +6 ring of intelligence

@: studying Polearms
A: no striking features
a: Renounce Religion


You were on level 10 of the Dungeon.
You worshipped Vehumet.
Vehumet was aware of your devotion.
You visited 2 branches of the dungeon, and saw 11 of its levels.

You collected 677 gold pieces.
You spent 300 gold pieces at shops.

Inventory:

Hand Weapons
 y - a +1 flail of venom
 D - a +4 rapier of electrocution
 G - the +5 dagger "Gram" {protect, rF+ rC+ rCorr Str+4}
   (You found it on level 4 of the Dungeon)

   It grants its wielder temporary protection when it strikes (+7 to AC).
   Str:       It affects your strength (+4).
   rF:        It protects you from fire.
   rC:        It protects you from cold.
   rCorr:     It protects you from acid and corrosion.
Missiles
 l - 4 boomerangs of dispersal
 H - 3 throwing nets
Armour
 a - a +0 robe (worn)
 i - an orb of light
 w - a +0 pair of boots (worn)
Magical Staves
 L - a staff of air
 M - a staff of fire (weapon)
Jewellery
 f - a +4 ring of evasion
 j - a ring of protection from fire
 k - a ring of protection from fire
 n - a +6 ring of intelligence (right hand)
 t - a ring of magical power
 z - a ring of willpower (left hand)
 C - a ring of resist corrosion
 E - a ring of flight
 N - a ring of protection from cold
 U - a +6 ring of intelligence
Wands
 b - a wand of roots (35)
 B - a wand of quicksilver (4)
 R - a wand of charming (4)
 V - a wand of flame (9)
 W - a wand of polymorph (5)
Scrolls
 d - 3 scrolls of blinking
 h - 4 scrolls of enchant weapon
 m - 3 scrolls of immolation
 r - a scroll of vulnerability {unknown}
 s - 5 scrolls of teleportation
 x - a scroll of noise {unknown}
 I - 2 scrolls of amnesia
 J - 3 scrolls of poison
 O - 2 scrolls of fear {unknown}
 Q - a scroll of enchant armour {unknown}
 S - a scroll of fog {unknown}
 T - 2 scrolls of identify
Potions
 c - 4 potions of curing
 e - 3 potions of ambrosia
 g - a potion of attraction {unknown}
 o - 3 potions of might
 p - 5 potions of resistance
 q - a potion of haste {unknown}
 u - a potion of mutation {unknown}
 v - 3 potions of heal wounds
 A - 2 potions of flight
 F - 2 potions of invisibility
 K - a potion of brilliance {unknown}
 P - a potion of berserk rage


   Skills:
 - Level 6.0 Fighting
 - Level 6.0 Dodging
 - Level 2.4 Stealth
 + Level 8.0 Spellcasting
 * Level 10.0 Conjurations
 * Level 10.1 Fire Magic


You had 15 spell levels left.
You knew the following spells:

 Your Spells              Type           Power      Damage    Failure   Level
a - Foxfire               Conj/Fire      100%       2x1d9     1%          1
b - Scorch                Fire           100%       2d10      1%          2
c - Conjure Flame         Conj/Fire      85%        6-21      1%          3
d - Flame Wave            Conj/Fire      85%        2d18      1%          4

Your spell library contained the following spells:

 Spells                   Type           Power      Damage    Failure   Level
 Sandblast                Erth           24%        2d8       4%          1
 Inner Flame              Hex/Fire       60%        N/A       1%          3
 Apportation              Tloc           24%        N/A       4%          1
 Freeze                   Ice            48%        1d7       4%          1
 Slow                     Hex            48%        N/A       4%          1
 Call Canine Familiar     Summ           12%        N/A       12%         3
 Portal Projectile        Hex/Tloc       24%        N/A       12%         3
 Animate Armour           Summ/Erth      24%        N/A       36%         4
 Leda's Liquefaction      Hex/Erth       6%         N/A       36%         4
 Summon Ice Beast         Ice/Summ       12%        N/A       36%         4
 Iron Shot                Conj/Erth      21%        9d5       61%         6
 Blade Hands              Tmut           6%         N/A       73%         5
 Summon Mana Viper        Hex/Summ       12%        N/A       73%         5
 Monstrous Menagerie      Summ           6%         N/A       100%        7


Dungeon Overview and Level Annotations

Branches:
Dungeon (10/15)            Temple (1/1) D:6            Lair (0/5) D:8
    Orc: D:9-12

Altars:
Ashenzari
Cheibriados
Dithmenos
Elyvilon
Gozag
Hepliaklqana
Okawaru
Qazlal
Sif Muna
Trog
Uskayaw
Vehumet

Shops:
D:7 *   D:9 *

Annotations:
D:10 2 transporters, Joseph


Message History

Joseph is lightly wounded.
Joseph shoots a sling bullet.
The sling bullet barely misses you.
A wave of flame ripples out!
The flame wave engulfs Joseph but does no damage.
Joseph is lightly wounded.
You finish channelling waves of flame.
Joseph shoots a sling bullet.
The sling bullet barely misses you.
Casting: Flame Wave (dangerous; 1% risk of failure)
Confirm with . or Enter, or press ? or * to list all spells.
Casting: Flame Wave (dangerous; 1% risk of failure)
Press: ? - help, Dir - look around, f - activate You feel a surge of power!
A wave of flame ripples out! (Press Numpad 5 to intensify the flame waves.) Joseph shoots a sling bullet.
The sling bullet closely misses you.
A wave of flame ripples out!
The flame wave engulfs Joseph!!
Joseph is moderately wounded.
A wave of flame ripples out!
The flame wave engulfs Joseph!
Joseph is severely wounded.
You finish channelling waves of flame.
Joseph unwields a +0 sling of flaming.
It stops flaming.
Joseph wields a +0 quarterstaff.
Joseph hits you with a +0 quarterstaff!
Casting: Flame Wave (dangerous; 1% risk of failure)
Confirm with . or Enter, or press ? or * to list all spells.
You feel a surge of power!
Flames lash Joseph.
Joseph is severely wounded.
Joseph's fire resistance burns away.
Joseph hits you with a +0 quarterstaff!
Unknown command.
Casting: Scorch (safe; 1% risk of failure)
Confirm with . or Enter, or press ? or * to list all spells.
You feel a surge of power!
Flames lash Joseph.
Joseph is burned terribly!
Joseph is almost dead.
Joseph hits you with a +0 quarterstaff!
* * * LOW HITPOINT WARNING * * *
Unknown command.
Casting: Scorch (safe; 1% risk of failure)
Confirm with . or Enter, or press ? or * to list all spells.
You feel a surge of power!
Flames lash Joseph.
Joseph is burned terribly!
Joseph is almost dead.
Joseph hits you with a +0 quarterstaff!!
You die...

# #...#...#####...## #.....
####..............## #.....
........#.....###.# ###.##
..............# #.# ####..#
...#...###....###.########.....#
...#...###.................)#.##
##.#.......................##.#
##.............#@......######.#
..............##@......# ##..#
.#.....>..@...##.......####..####
..............##.......##........
#.............####.######........
..........##..# #..######........
##............###................
##...............................
................#########......^.
....................#####........


You could see Joseph (combustible).

Vanquished Creatures
  Maggie (D:6)
  A kobold demonologist (D:10)
  A troll (D:10)
  Grinder (D:5)
  Sigmund (D:3)
  7 yaks
  A wraith (D:9)
  A vampire mosquito (D:10)
  3 steam dragons
  Menkaure (D:7)
  Edmund (D:6)
  An acid dragon (D:9)
  Duvessa (D:6)
  A water moccasin (D:7)
  4 orc warriors
  A black bear (D:8)
  2 ice beasts
  8 centaurs
  A kobold brigand (D:10)
  A necrophage (D:6)
  A scorpion (D:5)
  Blork the orc (D:6)
  A gnoll sergeant (D:9)
  4 wights
  Dowan (D:5)
  10 killer bees
  An electric eel (D:10)
  2 howler monkeys
  A jelly (D:5)
  A hound (D:5)
  2 orc priests
  4 iguanas (D:5)
  Ijyb (D:3)
  3 orc wizards
  Terence (D:3)
  8 gnolls
  6 adders
  A shadow imp (D:6)
  An ufetubus (D:5)
  2 worms (D:2)
  A dart slug (D:1)
  21 orcs
  3 endoplasms
  8 giant cockroaches
  4 goblins
  A hobgoblin (D:4)
  2 jackals (D:2)
  9 kobolds
  2 quokkas
  5 ball pythons
  5 bats
  4 frilled lizards
  2 rats
158 creatures vanquished.

Vanquished Creatures (others)
  545 foxfires
545 creatures vanquished.

Grand Total: 703 creatures vanquished

Notes
Turn   | Place    | Note
-------+----------+-------------------------------------------
     0 | D:1      | sasquatch the Deep Elf Fire Elementalist began the quest
                  | for the Orb.
     0 | D:1      | Reached XP level 1. HP: 10/10 MP: 6/6
   256 | D:1      | Reached XP level 2. HP: 15/15 MP: 6/8
   264 | D:1      | Learned a level 2 spell: Scorch
   399 | D:1      | Found a faded altar of an unknown god.
  1158 | D:2      | Reached XP level 3. HP: 17/19 MP: 4/9
  1162 | D:2      | Learned a level 3 spell: Conjure Flame
  2577 | D:3      | Reached XP level 4. HP: 24/24 MP: 3/11
  2695 | D:3      | Noticed Sigmund
  3061 | D:3      | Learned a level 4 spell: Flame Wave
  3128 | D:3      | Noticed Ijyb
  3134 | D:3      | Killed Ijyb
  3186 | D:3      | Found a white marble altar of Elyvilon.
  3248 | D:3      | Noticed Terence
  3255 | D:3      | Killed Terence
  3256 | D:3      | Reached XP level 5. HP: 28/28 MP: 5/13
  3539 | D:3      | Killed Sigmund
  3540 | D:3      | Reached skill level 5 in Fire Magic
  3540 | D:3      | Reached XP level 6. HP: 32/32 MP: 8/15
  3667 | D:4      | Found a hazy altar of Hepliaklqana.
  3668 | D:4      | Found a bloodstained altar of Trog.
  3668 | D:4      | Found a broken altar of Ashenzari.
  3670 | D:4      | Found a snail-covered altar of Cheibriados.
  3672 | D:4      | Identified the +5 dagger "Gram" {protect, rF+ rC+ rCorr
                  | Str+4}
  4029 | D:4      | Found a stormy altar of Qazlal.
  4222 | D:5      | Entered Level 5 of the Dungeon
  4388 | D:5      | Reached skill level 5 in Spellcasting
  4388 | D:5      | Noticed an ice beast
  4393 | D:5      | Killed an ice beast
  4394 | D:5      | Reached skill level 5 in Conjurations
  4394 | D:5      | Reached XP level 7. HP: 36/36 MP: 3/16
  4977 | D:5      | Noticed Grinder
  4987 | D:5      | Killed Grinder
  4988 | D:5      | Reached XP level 8. HP: 41/41 MP: 6/19
  5171 | D:6      | Noticed Duvessa
  5173 | D:6      | Noticed Dowan
  5182 | D:6      | Killed Duvessa
  5284 | D:5      | Killed Dowan
  5507 | D:6      | Noticed Blork the orc
  5513 | D:6      | Killed Blork the orc
  5579 | D:6      | Noticed Edmund
  5589 | D:6      | Killed Edmund
  5934 | D:6      | Found a staircase to the Ecumenical Temple.
  5944 | Temple   | Entered the Ecumenical Temple
  5967 | Temple   | Became a worshipper of Vehumet
  6004 | D:6      | Noticed Maggie
  6492 | D:6      | Killed Maggie
  6493 | D:6      | Reached XP level 9. HP: 41/45 MP: 1/22
  6615 | D:6      | Found a shimmering blue altar of Sif Muna.
  7173 | D:7      | Found Ocokead's Fire Supplies.
  7179 | D:7      | Bought a staff of fire for 300 gold pieces
  7420 | D:7      | Noticed Menkaure
  7426 | D:7      | Killed Menkaure
  7869 | D:8      | Reached skill level 10 in Conjurations
  7869 | D:8      | Reached skill level 10 in Fire Magic
  7871 | D:8      | Reached skill level 1 in Fighting
  8273 | D:8      | Found a staircase to the Lair.
  8806 | D:9      | Found Vosm's Assorted Antiques.
  9165 | D:9      | Reached XP level 10. HP: 54/54 MP: 14/24
  9278 | D:9      | Reached skill level 5 in Dodging
 10154 | D:10     | Entered Level 10 of the Dungeon
 10322 | D:10     | Noticed a smoke demon
 10372 | D:10     | Reached * piety under Vehumet
 10372 | D:10     | Offered knowledge of Sandblast by Vehumet.
 10373 | D:10     | Reached skill level 5 in Fighting
 10455 | D:10     | Got Starting Incantation
 10490 | D:10     | Noticed a smoke demon
 10634 | D:10     | Noticed a moth of wrath
 10655 | D:10     | Found a transporter.
 10681 | D:10     | Found a transporter.
 10738 | D:10     | Noticed Joseph
 10966 | D:10     | Mangled by Joseph

Illustrated notes

Levels and vault maps discovered:
D:1:      lemuel_arrival_muddy, layout_loops_ring,
          shapermc_ecumenical_altar_mp_highgroup
D:2:      layout_loops_corners, minmay_worlds_worst_comb
D:3:      layout_rooms, lemuel_coloured_pillars_altar, uniq_sigmund,
          uniq_terence, uniq_ijyb
D:4:      layout_cave_pools, nicolae_qazlal_eye_of_the_storm,
          chequers_temple_overflow_statue_of_worship, grunt_ministairs_6
D:5:      layout_cave_pools, kennysheep_cluttered_room, minmay_manual_moon,
          uniq_grinder
D:6:      layout_rooms, amcnicky_altar_gilded, minmay_temple_entry_junction_2,
          uniq_edmund, uniq_maggie, uniq_duvessa, uniq_blork_the_orc
D:7:      layout_basic, minmay_misc_feat_square,
          hangedman_abyss_or_decor_passed, nicolae_shop_fire_sale
          [nicolae_sub_dead_trees], due_unseen_surprise, uniq_menkaure
D:8:      layout_basic, lair_entry_dummy
D:9:      layout_grid_maze, serial_shops, shop_statue, sword_in_stone
D:10:     layout_rooms, gammafunk_ghost_berserking_beasts,
          amcnicky_mini_pool_medium, uniq_joseph
Temple:   nicolae_temple_superstar

Skill      XL: |  1  2  3  4  5  6  7  8  9 10 |
---------------+-------------------------------+-----
Conjurations   | 2 3 4 5 6 8 10 | 10.0
Fire Magic     | 4 5 6 7 9 10 | 10.1
Spellcasting   | 4 5 6 7 8 |  8.0
Fighting       | 2 6 |  6.0
Dodging        | 4 6 |  6.0
Stealth        | |  2.4

Action                   |  1- 3 |  4- 6 |  7- 9 | 10-12 || total
-------------------------+-------+-------+-------+-------++-------
Melee: Unarmed           |       |     2 |       |       ||     2
 Cast: Foxfire           |    62 |    63 |   140 |    58 ||   323
       Scorch            |    16 |    17 |    45 |    28 ||   106
       Flame Wave        |       |       |     8 |    13 ||    21
       Conjure Flame     |       |       |     2 |       ||     2
  Use: Potion            |       |     1 |       |       ||     1
       Scroll            |       |       |    15 |       ||    15
Armor: Robe              |     4 |     5 |     3 |       ||    12
Dodge: Dodged            |    11 |     6 |    25 |    14 ||    56
